 Dungeon Crawl Stone Soup version 0.27.0-1-g7a089689b8 (webtiles) character file.

Game seed: 9525469026458858428

3878 GordonOverkill the Fighter (level 10, -1/72 HPs)
             Began as an Octopode Arcane Marksman on Aug 11, 2021.
             Killed from afar by an orc wizard (12 damage)
             ... with a puff of flame
             ... on level 6 of the Dungeon.
             The game lasted 00:26:06 (9822 turns).

GordonOverkill the Fighter (OpAM)                   Turns: 9822, Time: 00:26:07

Health: -1/72      AC:  1    Str: 10    XL:     10   Next: 19%
Magic:  17/21      EV: 13    Int: 18    God:
Gold:   152        SH:  5    Dex: 13    Spells: 15/23 levels left

rFire    . . .     SeeInvis .   m - +3 dagger (venom)
rCold    . . .     Faith    .   (no shield)
rNeg     . . .     Spirit   .   (helmet restricted)
rPois    .         Reflect  +   z - amulet of reflection
rElec    .         Harm     .   v - ring of willpower
rCorr    .         Rampage  .   (no ring)
Will     +....                  (no ring)
Stlth    ++........             (no ring)
HPRegen  0.22/turn              (no ring)
MPRegen  0.17/turn              (no ring)
                                (no ring)
                                (no ring)

@: no status effects
A: almost no armour, amphibious, 8 rings, camouflage 1, gelatinous body 1,
(nimble swimmer 1), tentacles
a: no special abilities


You were on level 6 of the Dungeon.
You visited 1 branch of the dungeon, and saw 7 of its levels.
You also visited: Bailey.

You collected 218 gold pieces.
You spent 66 gold pieces at shops.

Inventory:

Hand Weapons
 m - a +3 dagger of venom (weapon)
 y - the +8 storm bow {elec, penet}
   (You acquired it on level 8 of the Dungeon)

   Any ammunition fired from it occasionally discharges a powerful burst of
   electricity upon striking a foe.
   Any ammunition fired by it passes through the targets it hits, potentially
   hitting all targets in its path until it reaches maximum range.
Missiles
 a - 4 javelins
 c - 3 throwing nets
 w - 67 boomerangs (quivered)
 A - 8 poisoned darts
Jewellery
 e - an amulet of regeneration
 h - an amulet of guardian spirit
 k - an amulet of faith
 v - a ring of willpower (left tentacle)
 z - an amulet of reflection (around mantle)
Wands
 x - a wand of polymorph (8)
Scrolls
 b - 2 scrolls of amnesia
 i - a scroll of enchant armour
 j - a scroll of blinking {unknown}
 l - a scroll of vulnerability
 q - a scroll of magic mapping
 D - a scroll of identify
Potions
 d - a potion of haste
 g - a potion of attraction
 n - 5 potions of might
 o - a potion of lignification {unknown}
 p - 4 potions of magic
 r - a potion of brilliance {unknown}
 s - 2 potions of cancellation
 t - 3 potions of heal wounds
 u - a potion of resistance {unknown}
 C - a potion of mutation {unknown}


   Skills:
 - Level 8.0 Fighting
 + Level 2.5 Bows
 - Level 6.0 Throwing
 - Level 2.0 Dodging
 + Level 7.4 Spellcasting
 - Level 5.0 Hexes
 - Level 3.0 Transmutations
 - Level 3.0 Earth Magic


You had 15 spell levels left.
You knew the following spells:

 Your Spells              Type           Power      Damage    Failure   Level
a - Passwall              Tmut/Erth      14%        N/A       4%          2
b - Slow                  Hex            24%        N/A       1%          2
c - Cause Fear            Hex            12%        N/A       13%         4

Your spell library contained the following spells:

 Spells                   Type           Power      Damage    Failure   Level
 Corona                   Hex            26%        N/A       1%          1
 Sandblast                Erth           34%        2d9       3%          1
 Tukima's Dance           Hex            24%        N/A       4%          3
 Ensorcelled Hibernation  Hex/Ice        30%        N/A       5%          2
 Inner Flame              Hex/Fire       15%        N/A       11%         3
 Portal Projectile        Hex/Tloc       30%        N/A       11%         3
 Lee's Rapid Deconstruct  Erth           8%         3d8*      63%         5


Dungeon Overview and Level Annotations

Branches:
Dungeon (8/15)             Bailey (visited)
 Temple: D:4-7         Lair: D:8-11

Altars:
Zin

Shops:
D:2 !(*(

Annotations:
D:3 exclusion: upstairs, Sigmund
D:7 3 runed translucent doors, Pikel; mys's ghost, novice OpFE


Innate Abilities, Weirdness & Mutations

You cannot wear most types of armour.
You are amphibious.
You can wear up to eight rings at the same time.
Your skin changes colour to match your surroundings (Stealth+).
Your rubbery body absorbs attacks. (AC +1, EV +1)
((You are camouflaged near water. (Stealth+)))
You have tentacles for arms and can constrict up to eight enemies at once.


Message History

Press: ? - help, Shift-Dir - straight line, f/p - ogre
Aim: an ogre, wielding a +0 giant club (chance to affect: 64%)
The ogre struggles to resist.
Casting: Slow (safe; 1% risk of failure)
Confirm with . or Enter, or press ? or * to list all spells.
Aiming: Slow (safe; 1% risk of failure)
Press: ? - help, Shift-Dir - straight line, f/p - ogre
Aim: an ogre, wielding a +0 giant club (chance to affect: 64%)
The ogre seems to slow down.
You hit the ogre.
The ogre is poisoned.
You squeeze the ogre.
The ogre is lightly wounded.
The ogre barely misses you.
You hit the ogre.
The ogre is moderately wounded.
The orc wizard shouts!
You hit the ogre.
The ogre looks as sick as possible!
The ogre is heavily wounded.
You hear a shout!
The ogre hits you with a +0 giant club!!
* * * LOW HITPOINT WARNING * * *
The orc wizard drinks a potion.
The orc wizard seems to speed up.
Things that are here:
a +0 dagger; a +0 robe; an orc corpse You see here a black bear corpse.
You feel a bit more experienced.
There is a stone staircase leading down here.
The orc wizard shouts!
You hear an angry hiss.
The orc wizard points at you and mumbles some strange words.
The puff of flame hits you!
* * * LOW HITPOINT WARNING * * *
The orc wizard casts a spell at you. The magic dart hits you!
* * * LOW HITPOINT WARNING * * *
The orc wizard casts a spell at you. The magic dart hits you!
* * * LOW HITPOINT WARNING * * *
Okay, then.
The orc wizard gestures at you while chanting.
The puff of flame hits you!
You die...

. o!............##........#
.. .o.......>....#..o.....#
...#...........#.#>†......#
S#........................#
..............####........#
.oK.O.>....(..# #.........#
..o...........###.#########
..#.....$.......#.#
##..........#.@.#
#..........#.###
##.$.......#.#######
...................
..............##...
................
..h.....##....... ........#
....... ...5...## .......


You could see an orc wizard (fast).

Vanquished Creatures
  Harold (D:7)
  A two-headed ogre (D:8)
  5 yaks (D:7)
  Eustachio (D:7)
  2 orc warriors
  A black bear (D:6)
  A hornet zombie (D:7)
  2 necrophages (D:4)
  An ogre (D:6)
  A phantom (D:7)
  A kobold brigand (D:7)
  4 lemures (D:7)
  2 bullfrogs (D:6)
  A wyvern zombie (D:7)
  A wyvern skeleton (D:7)
  A howler monkey (D:7)
  A centaur zombie (D:4)
  2 iguanas (D:7)
  Terence (D:2)
  5 orc wizards
  A killer bee zombie (D:8)
  A hound zombie (D:4)
  Robin (D:3)
  A howler monkey zombie (D:7)
  13 gnolls (Bailey)
  3 adders
  3 shadow imps
  A white imp (D:7)
  2 ufetubi (D:7)
  2 worms (D:3)
  A dart slug (D:1)
  14 orcs
  7 ball pythons
  2 bats
  6 endoplasms
  2 giant cockroaches
  14 goblins
  24 hobgoblins
  8 jackals
  4 quokkas
  4 frilled lizards
  13 kobolds
  6 rats
168 creatures vanquished.

Vanquished Creatures (others)
  4 plants (D:7)
  A withered plant (D:4)
5 creatures vanquished.

Grand Total: 173 creatures vanquished

Notes
Turn   | Place    | Note
-------+----------+-------------------------------------------
     0 | D:1      | GordonOverkill the Octopode Arcane Marksman began the quest
                  | for the Orb.
     0 | D:1      | Reached XP level 1. HP: 13/13 MP: 2/2
   298 | D:1      | Reached XP level 2. HP: 15/18 MP: 3/3
  1007 | D:1      | Reached XP level 3. HP: 16/23 MP: 5/5
  1358 | D:1      | Found a faded altar of an unknown god.
  1581 | D:2      | Found Yxiw's Antique Weapon Shop.
  1720 | D:2      | Found Kezeitit's Distillery.
  1725 | D:2      | Bought a potion of curing for 30 gold pieces
  1786 | D:2      | Found Vaitwomu's Weapon Boutique.
  1867 | D:2      | Noticed Terence
  1882 | D:2      | Killed Terence
  1883 | D:2      | Reached skill level 2 in Fighting
  1883 | D:2      | Reached XP level 4. HP: 23/29 MP: 6/6
  2190 | D:2      | Found Poiciem's Assorted Antiques.
  2191 | D:2      | Found Vyheil's Weapon Boutique.
  2202 | D:2      | Bought a pink potion for 18 gold pieces
  2202 | D:2      | Bought a silvery potion for 18 gold pieces
  2456 | D:3      | Found a glowing silver altar of Zin.
  2456 | D:3      | Noticed Sigmund
  2700 | D:3      | Noticed Robin
  2705 | D:3      | Killed Robin
  2796 | D:3      | Reached XP level 5. HP: 25/35 MP: 8/8
  3122 | D:3      | Learned a level 2 spell: Slow
  3127 | D:3      | Learned a level 4 spell: Cause Fear
  3986 | D:4      | Noticed an ogre
  3986 | D:4      | Noticed a necrophage
  4147 | D:4      | Noticed a necrophage
  4157 | D:4      | Killed a necrophage
  4158 | D:4      | Reached skill level 3 in Fighting
  4158 | D:4      | Reached XP level 6. HP: 37/42 MP: 7/10
  4366 | D:4      | Killed a necrophage
  4449 | D:4      | You fall into a shaft and drop 3 floors!
  4866 | D:7      | Found a runed translucent gate.
  4866 | D:7      | Found a runed translucent gate.
  4866 | D:7      | Found a runed translucent gate.
  4866 | D:7      | Noticed mys's ghost (novice OpFE)
  4945 | D:7      | Reached XP level 7. HP: 24/46 MP: 2/12
  5056 | D:7      | Identified the +3 scythe "Tummit" {vorpal, rN+ Str+2}
  5546 | D:7      | Noticed Harold
  5619 | D:7      | Killed Harold
  5620 | D:7      | Reached skill level 5 in Fighting
  5620 | D:7      | Reached skill level 5 in Throwing
  5620 | D:7      | Reached skill level 5 in Hexes
  5620 | D:7      | Reached XP level 8. HP: 16/55 MP: 4/15
  6536 | D:7      | Reached skill level 5 in Spellcasting
  6628 | D:7      | Noticed a yak
  6669 | D:7      | Killed a yak
  6670 | D:7      | Reached skill level 6 in Fighting
  6710 | D:7      | Noticed a yak
  6710 | D:7      | Noticed a yak
  6715 | D:7      | Noticed a yak
  6717 | D:7      | Noticed a yak
  6733 | D:7      | Killed a yak
  6734 | D:7      | Reached XP level 9. HP: 63/63 MP: 17/17
  6782 | D:7      | Reached skill level 7 in Fighting
  7101 | D:8      | Learned a level 2 spell: Passwall
  7129 | D:8      | Found a flagged portal.
  7244 | Bailey   | Entered a bailey
  8319 | Bailey   | Reached skill level 1 in Transmutations
  8319 | Bailey   | Reached skill level 1 in Earth Magic
  8752 | D:8      | Noticed a two-headed ogre
  8776 | D:8      | Killed a two-headed ogre
  8955 | D:8      | Reached XP level 10. HP: 41/72 MP: 20/20
  9109 | D:8      | Acquired the +8 storm bow {elec, penet}
  9110 | D:8      | Found the +8 storm bow {elec, penet}
  9306 | D:6      | Noticed Eustachio
  9306 | D:6      | Noticed Pikel
  9322 | D:7      | Killed Eustachio
  9323 | D:7      | Reached skill level 1 in Bows
  9554 | D:7      | Reached skill level 8 in Fighting
  9822 | D:6      | Killed from afar by an orc wizard

Illustrated notes

Levels and vault maps discovered:
D:1:      kennysheep_arrival_seaside, layout_loops_ring,
          dreamdust_ecumenical_altar_angels_and_demons, corner_web_ring,
          minmay_statues_item
D:2:      layout_loops_ring, serial_shops, nicolae_shop_overgrown_old_shop,
          nicolae_shop_trees, nicolae_shop_behind_doors, nicolae_shop_trees,
          nicolae_shop_stone, uniq_terence
D:3:      layout_loops_corners, mainiacjoe_overflow_six_doors_small,
          minmay_close_crescents, uniq_robin, uniq_sigmund
D:4:      layout_loops_ring, serial_undead, serial_undead_f, serial_undead_a,
          serial_undead_e, serial_undead_a, serial_shops, shop,
          uniq_crazy_yiuf_cottage
D:6:      layout_rooms, minmay_temple_entry_glassed_door, moated_statue,
          uniq_maggie, uniq_eustachio, uniq_pikel
D:7:      layout_basic, gammafunk_ghost_necromancy, serial_bayou_pond_a,
          uniq_harold
D:8:      layout_basic, special_room [special_room_orc], enter_bailey_8,
          grunt_decor_cap, nrook_mini_vaults

Skill      XL: |  1  2  3  4  5  6  7  8  9 10 |
---------------+-------------------------------+-----
Fighting       | 2 3 5 6 7 8 |  8.0
Spellcasting   | 2 3 4 5 7 |  7.4
Throwing       | 3 4 5 6 |  6.0
Hexes          | 4 5 |  5.0
Transmutations | 2 3 |  3.0
Earth Magic    | 2 3 |  3.0
Bows           | 2 |  2.5
Dodging        | |  2.0

Action                   |  1- 3 |  4- 6 |  7- 9 | 10-12 || total
-------------------------+-------+-------+-------+-------++-------
Melee: Unarmed           |    10 |       |       |       ||    10
       Dagger            |    80 |   158 |   150 |    63 ||   451
       Tentacles         |    24 |    23 |    33 |    18 ||    98
       Constrict         |    22 |    32 |    35 |    14 ||   103
Throw: Javelin           |     1 |     9 |    19 |       ||    29
       Throwing net      |     2 |     4 |     2 |       ||     8
       Boomerang         |       |    10 |    55 |     2 ||    67
       Dart              |       |       |    24 |       ||    24
 Cast: Slow              |       |     2 |    65 |    26 ||    93
       Cause Fear        |       |       |       |     2 ||     2
  Use: Scroll            |       |     9 |     6 |     2 ||    17
       Potion            |       |     1 |     2 |     7 ||    10
 Stab: Sleeping          |     6 |     3 |     1 |       ||    10
       Held in net/web   |     1 |     2 |       |       ||     3
Armor: Skin              |     6 |    12 |     6 |     7 ||    31
Dodge: Dodged            |    48 |   122 |    71 |    44 ||   285
Block: Other             |       |       |     5 |     9 ||    14
